 Dungeon Crawl Stone Soup version 0.32-a0-666-ge8a88695a4 (webtiles) character file.

Game seed: 7987941054781838568

15407 Rocko1345 the Grappler (level 12, 0/92 HPs)
             Began as a Gnoll Shapeshifter on Mar 9, 2024.
             Was a Priest of Nemelex Xobeh.
             Slain by a cane toad (12 damage)
             ... on level 2 of the Lair of Beasts on Mar 10, 2024.
             The game lasted 00:46:53 (11892 turns).

Rocko1345 the Grappler (Gnoll Shapeshifter)        Turns: 11892, Time: 00:46:53

Health: 0/92       AC: 11    Str: 21    XL:     12   Next: 26%
Magic:  23/23      EV: 15    Int: 10    God:    Nemelex Xobeh [***...]
Gold:   508        SH:  0    Dex: 11    Spells: 19/26 levels left

rFire   x .          .
                       - Unarmed
rCold   + . .        (no shield)
rNeg    . . .        E - +3 troll leather armour {Pargi}
rPois   .            (helmet currently unavailable)
rElec   .            (cloak currently unavailable)
rCorr   .            (gloves currently unavailable)
SInv    .            (boots currently unavailable)
Will    .....        (no amulet)
Stlth   +++          l - +4 ring of protection
HPRegen 1.15/turn    i - ring of ice
MPRegen 0.18/turn

%: no passive effects
@: beast-form
A: beast (slay +4), fangs 1, strong nose, distributed training, strong 1, wild
magic 1, evolution 1
a: Begin Untransformation, Renounce Religion, Draw Escape, Draw Destruction,
Draw Summoning, Triple Draw


You were on level 2 of the Lair of Beasts.
You worshipped Nemelex Xobeh.
Nemelex Xobeh was most pleased with you.
You were a hulking beast.
You visited 2 branches of the dungeon, and saw 13 of its levels.
You also visited: Sewer.

You collected 623 gold pieces.
You spent 115 gold pieces at shops.

Inventory:

Hand Weapons
 x - a +2 dagger of venom
 y - a +4 trident of draining
 B - a +2 dagger of flaming
 K - a +5 quarterstaff of chaos
 O - a +0 orcbow
 T - a +4 scimitar of flaming
Missiles
 k - 5 boomerangs (quivered)
 q - 74 stones
 u - 20 poisoned darts
 L - 2 throwing nets
Armour
 a - a +0 animal skin
 e - a +0 leather armour
 s - a +0 pair of boots
 D - an orb of energy
 E - a +3 troll leather armour (worn) {Pargi}
 J - a +0 cloak
Jewellery
 i - a ring of ice (right hand)
 l - a +4 ring of protection (left hand)
 S - a ring of protection from fire
Talismans
 c - a beast talisman (active)
 v - a flux talisman
Wands
 d - a wand of paralysis (11)
 p - a wand of flame (11)
 r - a wand of light (7)
 t - a wand of mindburst (9)
 w - a wand of warping (13)
 I - a wand of polymorph (9)
Scrolls
 g - 2 scrolls of fear
 m - 4 scrolls of teleportation
 A - 5 scrolls of fog
 C - a scroll of enchant armour
 M - 2 scrolls of immolation {unknown}
 P - 2 scrolls of torment
 Q - a scroll of identify
 R - a scroll of brand weapon {unknown}
 U - a scroll of revelation {unknown}
Potions
 b - 3 potions of lignification
 f - 2 potions of enlightenment
 h - 2 potions of ambrosia
 j - a potion of berserk rage
 n - 3 potions of attraction
 o - 4 potions of invisibility
 z - 6 potions of haste
 F - a potion of resistance
 G - 3 potions of brilliance
 H - 4 potions of curing
 N - 2 potions of cancellation {unknown}


   Skills:
 + Level 8.1 Fighting
 + Level 7.6 Short Blades
 + Level 7.6 Long Blades
 + Level 7.6 Axes
 + Level 7.6 Maces & Flails
 + Level 7.6 Polearms
 + Level 7.6 Staves
 + Level 7.6 Ranged Weapons
 + Level 7.6 Throwing
 + Level 7.6 Armour
 + Level 9.0 Dodging
 + Level 7.6 Stealth
 + Level 7.6 Shields
 + Level 10.1 Unarmed Combat
 + Level 7.6 Spellcasting
 + Level 6.3 Conjurations
 + Level 6.3 Hexes
 + Level 6.3 Summonings
 + Level 6.3 Necromancy
 + Level 6.3 Translocations
 + Level 6.3 Fire Magic
 + Level 6.3 Ice Magic
 + Level 6.3 Air Magic
 + Level 6.3 Earth Magic
 + Level 6.3 Alchemy
 + Level 8.3 Invocations
 + Level 7.6 Evocations
 + Level 9.6 Shapeshifting


You had 19 spell levels left.
You knew the following spells:

 Your Spells              Type           Power      Damage    Failure   Level
a - Vhi's Electric Charg  Tloc/Air       42%        N/A       21%         4
b - Gell's Gravitas       Tloc           21%        N/A       7%          3

Your spell library contained the following spells:

 Spells                   Type           Power      Damage    Failure   Level
 Slow                     Hex            84%        N/A       3%          1
 Ensorcelled Hibernation  Hex/Ice        64%        N/A       4%          2
 Confusing Touch          Hex            21%        N/A       7%          3
 Fugue of the Fallen      Necr           21%        N/A       7%          3
 Sigil of Binding         Hex            21%        N/A       7%          3
 Teleport Other           Tloc           21%        N/A       7%          3
 Vampiric Draining        Necr           21%        2d7       7%          3
 Anguish                  Hex/Necr       10%        N/A       21%         4
 Manifold Assault         Tloc           21%        N/A       21%         4
 Arcjolt                  Conj/Air       10%        1d20      47%         5
 Dispersal                Tloc           10%        N/A       95%         6
 Plasma Beam              Fire/Air       10%        2x1d21    95%         6
 Disjunction              Tloc           10%        N/A       100%        8
 Maxwell's Capacitive Co  Air            10%        ∞         100%        8


Dungeon Overview and Level Annotations

Branches:
Dungeon (11/15)            Temple (0/1) D:4            Lair (2/5) D:10
    Orc (0/2) D:9           Sewer (visited)
  Swamp: Lair:2-3    Shoals: Lair:2-3     Snake: Lair:2-3    Spider: Lair:2-3

Altars:
Ashenzari
Cheibriados
Dithmenos
Elyvilon
Kikubaaqudgha
Makhleb
Nemelex Xobeh
Qazlal
Uskayaw
Vehumet
Wu Jian
Yredelemnul
Zin

Shops:
D:4 [?   D:5 *   D:7 (   D:10 ([![=

Annotations:
D:10 2 transporters, Sirjeffry24's ghost, novice DrSh


Innate Abilities, Weirdness & Mutations

You are a hulking beast.
Your limbs bulge with bestial killing power. (Slay +4)
You have very sharp teeth.
Your uncanny sense of smell can sniff out nearby items.
Your experience applies equally to all skills.
Your muscles are strong. (Str +4, Int/Dex -1)
Your spells are a little harder to cast, but a little more powerful.
You have hidden genetic potential.


Message History

The cane toad stings you but does no damage.
You completely miss the cane toad.
You bite the cane toad, but do no damage.
The cane toad is almost dead.
You feel sick. The water moccasin closely misses you. The cane toad stings you!
You are more poisoned.
The cane toad poisons you!
You hit the cane toad but do no damage.
The cane toad is almost dead.
You feel very sick. The water moccasin bites you.
You are more poisoned.
The water moccasin poisons you! The cane toad misses you.
The water moccasin bites you but does no damage.
You hit the water moccasin. Your punch misses the water moccasin.
You bite the water moccasin.
The water moccasin is moderately wounded.
You feel extremely sick. The cane toad barely misses you.
The water moccasin barely misses you.
You pummel the water moccasin!!
The water moccasin is almost dead.
You feel very sick.
The water moccasin bites you but does no damage.
The cane toad stings you!
You are more poisoned.
The cane toad poisons you!
You miss the water moccasin.
The water moccasin is almost dead.
* * * LOW HITPOINT WARNING * * *
You feel very sick. The water moccasin barely misses you.
The cane toad stings you!
* * * LOW HITPOINT WARNING * * *
* * * LOW HITPOINT WARNING * * *
You feel extremely sick.
The water moccasin attacks as it pursues you!
The water moccasin closely misses you.
You feel better. The water moccasin barely misses you.
The cane toad stings you!
You die...
Your body disappears without a glow.

...###...# .......
....##...####.. .......
....##....# .... ........
[..#.....####... .......#
....#....#.>.#.. .......#
......##.......##..............
....###....⌠....#.............~..
....##...###.#...##........>.~~..
...##...## ##.hS†...#..~~~.~≈≈~
...#....########.F.#.P#~~~≈~~~≈≈~
..#....##....###....###≈≈≈≈≈≈≈≈~~
.......................~~≈≈≈≈≈≈~.
.#⌠.....⌠..<..⌠.....⌠#..~≈~≈~~≈≈.
+...................+....~~≈.~..
##.....##..........##...........
# ##...###.##.##...##..###..#...#
# ##...######....###.## #.#....#


You could see a cane toad and a water moccasin.

Vanquished Creatures
  Erica (Lair:1)
  2 two-headed ogres (D:10)
  Pikel (D:4)
  Maurice (D:7)
  2 cane toads
  2 rime drakes (Lair:1)
  Jeremiah (D:7)
  5 komodo dragons
  A troll (D:8)
  Grinder (D:3)
  A merfolk (D:10)
  Sigmund (D:4)
  A wraith (D:9)
  A wyvern (Lair:2)
  A basilisk (Lair:1)
  11 yaks
  A steam dragon (D:7)
  3 vampire mosquitoes (D:10)
  An acid dragon (D:9)
  2 water moccasins
  A sky beast (D:7)
  2 orc warriors
  An ice beast (D:7)
  An ogre (D:6)
  Pargi (Sewer)
  3 centaurs
  2 phantoms (D:7)
  4 lemures (D:4)
  2 kobold brigands
  2 brain worms (Sewer)
  A gnoll sergeant (D:10)
  2 scorpions
  5 bullfrogs
  10 wights
  4 howler monkeys
  2 bombardier beetles
  A jelly (D:6)
  2 orc priests
  4 hounds
  Crazy Yiuf (D:3)
  7 iguanas
  4 orc wizards
  A scorpion zombie (D:3)
  Robin (D:2)
  9 gnolls
  9 adders
  4 white imps
  An ufetubus (D:7)
  An adder zombie (D:3)
  A ribbon worm (D:2)
  2 dart slugs (D:1)
  22 orcs
  10 ball pythons
  6 bats
  7 endoplasms
  2 giant cockroaches (D:3)
  13 goblins
  8 hobgoblins (D:2)
  9 jackals
  2 quokkas
  2 frilled lizards
  A giant cockroach zombie (D:3)
  19 kobolds
  A quokka zombie (D:3)
  10 rats
243 creatures vanquished.

Vanquished Creatures (collateral kills)
  A skyshark (Lair:1)
  An orc warrior (D:8)
  3 wights (D:8)
  2 orc wizards (D:8)
7 creatures vanquished.

Vanquished Creatures (others)
  2 goblins (D:2)
2 creatures vanquished.

Grand Total: 252 creatures vanquished

Notes
Turn   | Place    | Note
-------+----------+-------------------------------------------
     0 | D:1      | Rocko1345 the Gnoll Shapeshifter began the quest for the
                  | Orb.
     0 | D:1      | Reached XP level 1. HP: 17/17 MP: 1/1
   106 | D:1      | Reached XP level 2. HP: 18/23 MP: 2/2
   698 | D:2      | Reached XP level 3. HP: 27/28 MP: 2/4
   759 | D:2      | Reached skill level 1 in Invocations
   872 | D:2      | Reached skill level 1 in Short Blades
   872 | D:2      | Reached skill level 1 in Long Blades
   872 | D:2      | Reached skill level 1 in Axes
   872 | D:2      | Reached skill level 1 in Maces & Flails
   872 | D:2      | Reached skill level 1 in Polearms
   872 | D:2      | Reached skill level 1 in Staves
   872 | D:2      | Reached skill level 1 in Ranged Weapons
   872 | D:2      | Reached skill level 1 in Throwing
   872 | D:2      | Reached skill level 1 in Armour
   872 | D:2      | Reached skill level 1 in Stealth
   872 | D:2      | Reached skill level 1 in Shields
   872 | D:2      | Reached skill level 1 in Spellcasting
   872 | D:2      | Reached skill level 1 in Evocations
  1183 | D:2      | Reached XP level 4. HP: 34/34 MP: 5/5
  1304 | D:2      | Noticed Robin
  1340 | D:2      | Killed Robin
  1341 | D:2      | Reached skill level 1 in Conjurations
  1341 | D:2      | Reached skill level 1 in Hexes
  1341 | D:2      | Reached skill level 1 in Summonings
  1341 | D:2      | Reached skill level 1 in Necromancy
  1341 | D:2      | Reached skill level 1 in Translocations
  1341 | D:2      | Reached skill level 1 in Fire Magic
  1341 | D:2      | Reached skill level 1 in Ice Magic
  1341 | D:2      | Reached skill level 1 in Air Magic
  1341 | D:2      | Reached skill level 1 in Earth Magic
  1341 | D:2      | Reached skill level 1 in Alchemy
  1690 | D:3      | Found a glowing drain.
  1697 | D:3      | Reached XP level 5. HP: 35/40 MP: 5/7
  1706 | Sewer    | Entered a sewer
  1936 | Sewer    | Noticed Pargi
  1942 | Sewer    | Killed Pargi
  1943 | Sewer    | Reached skill level 5 in Dodging
  1943 | Sewer    | Reached XP level 6. HP: 27/47 MP: 7/9
  2070 | D:3      | Noticed Grinder
  2093 | D:3      | Paralysed by Grinder for 5 turns
  2105 | D:3      | Killed Grinder
  2106 | D:3      | Reached skill level 7 in Unarmed Combat
  2106 | D:3      | Reached XP level 7. HP: 52/52 MP: 10/10
  2183 | D:3      | Found a glowing silver altar of Zin.
  2259 | D:3      | Found a basalt altar of Yredelemnul.
  2632 | D:3      | Found a runed translucent door.
  2633 | D:3      | Noticed Crazy Yiuf
  3226 | D:3      | Killed Crazy Yiuf
  3537 | D:4      | Noticed Pikel
  3580 | D:4      | Killed Pikel
  3581 | D:4      | Reached XP level 8. HP: 60/60 MP: 10/12
  3729 | D:4      | Noticed Sigmund
  3742 | D:4      | Killed Sigmund
  3748 | D:4      | Found Imivoriw's Magic Scroll Shoppe.
  3843 | D:4      | Found Buqetitu's Armour Emporium.
  3906 | D:4      | Bought a scroll of identify for 20 gold pieces
  3906 | D:4      | Bought a scroll of enchant armour for 75 gold pieces
  3906 | D:4      | Bought a scroll of identify for 20 gold pieces
  3962 | D:4      | Found a sparkling altar of Nemelex Xobeh.
  3970 | D:4      | Became a worshipper of Nemelex Xobeh the Trickster
  4070 | D:4      | Found a staircase to the Ecumenical Temple.
  4147 | D:4      | Found a shadowy altar of Dithmenos.
  4645 | D:5      | Entered Level 5 of the Dungeon
  5300 | D:5      | Found Neoblul's General Store.
  5786 | D:6      | Reached XP level 9. HP: 66/66 MP: 14/14
  5932 | D:7      | Found Voivvir Titt's Antique Weapon Boutique.
  5975 | D:7      | Noticed Maurice
  5981 | D:7      | Paralysed by Maurice for 2 turns
  5984 | D:7      | Maurice stole a +2 dagger of venom
  5989 | D:7      | Maurice stole a flux talisman
  5992 | D:7      | Maurice stole a ring of ice
  5998 | D:7      | Maurice stole 5 boomerangs
  6000 | D:7      | Maurice stole 136 gold
  6003 | D:7      | Killed Maurice
  6004 | D:7      | Reached skill level 5 in Fighting
  6121 | D:7      | Reached skill level 8 in Unarmed Combat
  6171 | D:7      | Reached * piety under Nemelex Xobeh
  6180 | D:7      | Noticed Jeremiah
  6211 | D:7      | Reached skill level 5 in Invocations
  6230 | D:7      | Reached skill level 9 in Unarmed Combat
  6230 | D:7      | Reached skill level 5 in Conjurations
  6230 | D:7      | Reached skill level 5 in Hexes
  6230 | D:7      | Reached skill level 5 in Summonings
  6230 | D:7      | Reached skill level 5 in Necromancy
  6230 | D:7      | Reached skill level 5 in Translocations
  6230 | D:7      | Reached skill level 5 in Fire Magic
  6230 | D:7      | Reached skill level 5 in Ice Magic
  6230 | D:7      | Reached skill level 5 in Air Magic
  6230 | D:7      | Reached skill level 5 in Earth Magic
  6230 | D:7      | Reached skill level 5 in Alchemy
  6230 | D:7      | Reached XP level 10. HP: 77/77 MP: 15/19
  6236 | D:7      | Learned a level 4 spell: Vhi's Electric Charge
  6277 | D:7      | Killed Jeremiah
  6322 | D:7      | Received a gift from Nemelex Xobeh
  6545 | D:7      | Noticed Maggie
  6772 | D:7      | Maggie changed into Maggie the gnoll
  6772 | D:7      | Noticed Maggie
  6777 | D:7      | Killed Maggie the gnoll
  7520 | D:8      | Found a burning altar of Makhleb.
  7744 | D:8      | Received a gift from Nemelex Xobeh
  7769 | D:8      | Reached XP level 11. HP: 69/84 MP: 20/20
  7930 | D:8      | Found a stormy altar of Qazlal.
  7930 | D:8      | Found a white marble altar of Elyvilon.
  8032 | D:8      | Found an ornate altar of the Wu Jian Council.
  8061 | D:8      | Reached ** piety under Nemelex Xobeh
  8149 | D:8      | Gained mutation: You have hidden genetic potential. [potion
                  | of mutation]
  8149 | D:8      | Gained mutation: Your muscles are strong. (Str +4, Int/Dex
                  | -1) [potion of mutation]
  8192 | D:9      | Found a broken altar of Ashenzari.
  8313 | D:9      | Found a radiant altar of Vehumet.
  8609 | D:9      | Found a staircase to the Orcish Mines.
  8762 | D:9      | Learned a level 3 spell: Gell's Gravitas
  9220 | D:10     | Entered Level 10 of the Dungeon
  9220 | D:10     | Found a staircase to the Lair.
  9224 | D:10     | Found Yzinke's Distillery.
  9246 | D:10     | Found Isuen's Antique Armour Emporium.
  9261 | D:10     | Found Laupseal's Jewellery Emporium.
  9418 | D:10     | Found a transporter.
  9422 | D:10     | Found a transporter.
  9422 | D:10     | Noticed Sirjeffry24's ghost (novice DrSh)
  9425 | D:10     | Noticed a two-headed ogre
  9444 | D:10     | Found a hide-covered altar of Uskayaw.
  9451 | D:10     | Received a gift from Nemelex Xobeh
  9451 | D:10     | Found a snail-covered altar of Cheibriados.
  9731 | D:10     | Noticed a two-headed ogre
  9732 | D:10     | Noticed a two-headed ogre
  9753 | D:10     | Killed a two-headed ogre
  9755 | D:10     | HP: 1/84 [two-headed ogre/+0 giant club (13)]
  9759 | D:10     | Killed a two-headed ogre
  9858 | D:10     | Found an ancient bone altar of Kikubaaqudgha.
  9976 | D:10     | Found Viosyeke's Antique Armour Emporium.
 10012 | D:10     | Found Lumuleph's Antique Weapon Shop.
 10086 | D:10     | Reached *** piety under Nemelex Xobeh
 10321 | Lair:1   | Entered Level 1 of the Lair of Beasts
 10474 | Lair:1   | Received a gift from Nemelex Xobeh
 10649 | Lair:1   | Noticed a skyshark
 10694 | Lair:1   | Noticed Erica
 10852 | Lair:1   | Killed Erica
 10853 | Lair:1   | Reached XP level 12. HP: 17/92 MP: 23/23
 11036 | Lair:1   | Identified the -1 hand axe of Jeimesu {vamp, rElec Str+2
                  | Stlth+}
 11049 | Lair:1   | Killed a skyshark
 11050 | Lair:1   | Reached skill level 10 in Unarmed Combat
 11075 | Lair:1   | Gained mutation: Your spells are a little harder to cast,
                  | but a little more powerful. [hidden potential]
 11695 | Lair:2   | Received a gift from Nemelex Xobeh
 11892 | Lair:2   | Slain by a cane toad

Illustrated notes

Levels and vault maps discovered:
D:1:      mrwooster_arrival_statue_2, layout_loops_ring
D:2:      layout_basic, uniq_robin
D:3:      layout_basic, nicolae_yredelemnul_corpse_copse, zin_treasury,
          portal_sewer_entry_d, uniq_crazy_yiuf_cottage, uniq_grinder
D:4:      layout_loops_ring, nemelex_dance_club_becter,
          nicolae_dithmenos_through_a_glass_darkly, minmay_temple_entry_waves,
          serial_shops, nicolae_shop_peninsula, nicolae_shop_trees,
          kennysheep_generic_room_14, uniq_pikel, uniq_sigmund
D:5:      layout_basic, serial_shops, shop
D:6:      layout_basic
D:7:      minmay_razor_zed, layout_rooms, serial_shops, shop, enter_bailey_3,
          uniq_maurice, uniq_jeremiah, uniq_maggie
D:8:      layout_rooms, mainiacjoe_overflow_small_starburst, bloody_makhleb,
          gammafunk_temple_overflow_elements, serial_curves, eino_curves_01,
          eino_curves_03, eino_curves_04, eino_curves_02, abandoned_shop
D:9:      layout_loops_corners, lemuel_tele_altar, cheibrodos_ashenzari_chains,
          orc_0_dummy
D:10:     layout_roguey, mainiacjoe_overflow_paths,
          mainiacjoe_overflow_cross_hatched,
          nicolae_kikubaaqudgha_miasma_corner, lair_entry_dummy, serial_shops,
          nicolae_shop_advertising_works [nicolae_subvault_shop_adworks],
          nicolae_shop_tiny_glass, nicolae_shop_peninsula, shop,
          nicolae_stop_n_shop_1, gammafunk_ghost_arena, hangedman_fish_farm
D:11:     layout_gridville, serial_shops, nicolae_square_shop
Lair:1:   layout_concentric_octagons, uniq_erica
Lair:2:   layout_concentric_octagons, chequers_serial_rivers_small_3,
          grunt_megastairs_5, infiniplex_staircase_pool

Skill      XL: |  1  2  3  4  5  6  7  8  9 10 11 12 |
---------------+-------------------------------------+-----
Invocations    | 1 2 3 4 6 7 8 |  8.3
Short Blades   | 1 2 3 6 7 |  7.6
Long Blades    | 1 2 3 6 7 |  7.6
Axes           | 1 2 3 6 7 |  7.6
Maces & Flails | 1 2 3 6 7 |  7.6
Polearms       | 1 2 3 6 7 |  7.6
Staves         | 1 2 3 6 7 |  7.6
Ranged Weapons | 1 2 3 6 7 |  7.6
Throwing       | 1 2 3 6 7 |  7.6
Armour         | 1 2 3 6 7 |  7.6
Stealth        | 1 2 3 6 7 |  7.6
Shields        | 1 2 3 6 7 |  7.6
Spellcasting   | 1 2 3 6 7 |  7.6
Evocations     | 1 2 3 6 7 |  7.6
Conjurations   | 1 2 3 5 6 |  6.3
Hexes          | 1 2 3 5 6 |  6.3
Summonings     | 1 2 3 5 6 |  6.3
Necromancy     | 1 2 3 5 6 |  6.3
Translocations | 1 2 3 5 6 |  6.3
Fire Magic     | 1 2 3 5 6 |  6.3
Ice Magic      | 1 2 3 5 6 |  6.3
Air Magic      | 1 2 3 5 6 |  6.3
Earth Magic    | 1 2 3 5 6 |  6.3
Alchemy        | 1 2 3 5 6 |  6.3
Fighting       | 3 4 6 7 8 |  8.1
Dodging        | 5 6 7 8 9 |  9.0
Unarmed Combat | 7 9 10 | 10.1
Shapeshifting  | 7 8 9 |  9.6

Action                     |  1- 3 |  4- 6 |  7- 9 | 10-12 || total
---------------------------+-------+-------+-------+-------++-------
  Melee: Unarmed           |    79 |    88 |   236 |   445 ||   848
         Bite              |     7 |    10 |    23 |    69 ||   109
         Punch             |     1 |     4 |    15 |    28 ||    48
  Throw: Stone             |     3 |       |     3 |       ||     6
         Boomerang         |       |       |    14 |    31 ||    45
   Cast: Vhi's Electric Ch |       |       |       |     3 ||     3
 Invoke: Draw Destruction  |       |       |       |     8 ||     8
         Draw Summoning    |       |       |       |     3 ||     3
         Draw Escape       |       |       |       |     2 ||     2
         Triple Draw       |       |       |       |     1 ||     1
  Evoke: Wand              |       |       |     3 |     1 ||     4
    Use: Scroll            |       |       |    19 |     2 ||    21
         Potion            |       |       |     2 |     6 ||     8
   Stab: Sleeping          |     1 |     2 |     6 |     5 ||    14
         Distracted        |       |       |     1 |     1 ||     2
 Armour: Leather armour    |    58 |    48 |       |       ||   106
         Troll leather arm |       |    19 |   139 |   341 ||   499
         Skin              |       |       |     1 |       ||     1
  Dodge: Dodged            |    47 |    56 |   129 |   309 ||   541

Table legend: (Time is in decaauts)
 A = Elapsed time spent in this place.
 B = Non-inter-level travel time spent in this place.
 C = Inter-level travel time spent in this place.
 D = Time resting spent in this place.
 E = Time spent auto-exploring this place.
 F = Levels seen in this place.
 G = Mean time per level.
                   A        B        C        D        E       F      G
               +--------+--------+--------+--------+--------+-----+--------+
         Total |  11785 |  11370 |    415 |   1953 |   5579 |  14 |  841.8 |
       Dungeon |   9877 |   9516 |    361 |   1518 |   4845 |  11 |  897.9 |
          Lair |   1549 |   1495 |     54 |    305 |    734 |   2 |  774.5 |
         Sewer |    358 |    358 |      0 |    130 |      0 |   1 |  358.0 |
               +--------+--------+--------+--------+--------+-----+--------+

Top non-repeatable levels by time:
     D:3: 1412 daAuts
     D:4: 1319 daAuts
     D:7: 1213 daAuts
  Lair:1: 1137 daAuts
    D:10: 1060 daAuts
     D:5: 1037 daAuts
     D:9: 1024 daAuts
     D:2: 840 daAuts
     D:8: 832 daAuts
     D:1: 686 daAuts
     D:6: 431 daAuts
  Lair:2: 412 daAuts
   Sewer: 358 daAuts
    D:11: 17 daAuts
